 Dungeon Crawl Stone Soup version 0.29.1-15-g9cfb28693d (webtiles) character file.

Game seed: 7202903770887984320

2079 raph the Spear-Bearer (level 9, 0/71 HPs)
             Began as a Minotaur Fighter on Apr 24, 2023.
             Killed from afar by an electric eel (10 damage)
             ... with a bolt of electricity
             ... on level 6 of the Dungeon.
             The game lasted 00:08:29 (5546 turns).

raph the Spear-Bearer (Minotaur Fighter)            Turns: 5546, Time: 00:08:30

Health: 0/71       AC: 12    Str: 21    XL:     9   Next: 6%
Magic:  8/8        EV:  7    Int:  5    God:
Gold:   289        SH:  5    Dex: 14    Spells: 8/8 levels left

rFire   . . .      SeeInvis .   a - +0 trident (protect)
rCold   . . .      Faith    .   c - +0 buckler
rNeg    . . .      Spirit   .   e - +0 chain mail
rPois   .          Reflect  .   (helmet restricted)
rElec   .          Harm     .   (no cloak)
rCorr   .          Rampage  .   u - +0 pair of gloves
Will    .....                   q - +1 pair of boots
Stlth   ..........              (no amulet)
HPRegen 0.21/turn               (no ring)
MPRegen 0.11/turn               (no ring)

@: mighty
A: horns 2, retaliatory headbutt
a: no special abilities


You were on level 6 of the Dungeon.
You visited 1 branch of the dungeon, and saw 6 of its levels.
You also visited: Sewer and Ossuary.

You collected 289 gold pieces.

Inventory:

Hand Weapons
 a - a +0 trident of protection (weapon)
Missiles
 n - 11 poisoned darts (quivered)
 t - 5 atropa-tipped darts
Armour
 b - a +0 scale mail
 c - a +0 buckler (worn)
 e - a +0 chain mail (worn)
 q - a +1 pair of boots (worn)
 u - a +0 pair of gloves (worn)
Wands
 j - a wand of digging (8)
 y - a wand of quicksilver (5)
Scrolls
 g - a scroll of silence
 h - 4 scrolls of fog
 i - a scroll of teleportation
 k - 3 scrolls of poison
 l - 3 scrolls of brand weapon
 s - a scroll of amnesia
Potions
 f - a potion of heal wounds
 m - 3 potions of lignification
 o - a potion of attraction
 p - 4 potions of curing
 r - a potion of ambrosia {unknown}
 v - 3 potions of invisibility
 w - 2 potions of haste
 x - 4 potions of mutation {unknown}
 z - a potion of resistance {unknown}
 B - a potion of flight {unknown}


   Skills:
 + Level 3.9 Fighting
 - Level 14.0 Polearms
 + Level 3.9 Armour
 + Level 1.0 Dodging
 - Level 3.6 Shields


You had 8 spell levels left.
You didn't know any spells.
Your spell library contained the following spells:

 Spells                   Type           Power      Damage    Failure   Level
 Sting                    Tmut/Pois      0%         1d3       100%        1
 Poisonous Vapours        Pois/Air       0%         N/A       100%        2
 Olgreb's Toxic Radiance  Pois           0%         N/A       100%        4


Dungeon Overview and Level Annotations

Branches:
Dungeon (6/15)              Sewer (visited)         Ossuary (visited)
 Temple: D:4-7

Altars:
Fedhas
Hepliaklqana
Qazlal

Shops:
D:5 (


Innate Abilities, Weirdness & Mutations

You have a pair of horns on your head.
You reflexively headbutt those who attack you in melee.


Message History

The electric eel shoots out a bolt of lightning at you!
The bolt of electricity hits the electric eel.
The electric eel completely resists.
The bolt of electricity hits you.
A nearby plant withers and dies.
The electric eel shoots out a bolt of lightning at you!
The bolt of electricity hits you!
You are too injured to fight recklessly!
You are too injured to fight recklessly!
You are too injured to fight recklessly!
You are too injured to fight recklessly!
The electric eel shoots out a bolt of lightning at you!
The bolt of electricity hits the electric eel.
The electric eel completely resists.
The bolt of electricity hits you!
* * * LOW HITPOINT WARNING * * *
The bolt of electricity hits you!
* * * LOW HITPOINT WARNING * * *
You open the door.
You feel much better.
You feel very mighty all of a sudden.
The electric eel shoots out a bolt of lightning at you!
The bolt of electricity hits you!
* * * LOW HITPOINT WARNING * * *
The electric eel shoots out a bolt of lightning at you!
The bolt of electricity hits you!
* * * LOW HITPOINT WARNING * * *
The bolt of electricity hits you.
* * * LOW HITPOINT WARNING * * *
You are too injured to fight recklessly!
You feel much better.
As you read the scroll of summoning, it crumbles to dust.
Wisps of shadow whirl around you...
The electric eel shoots out a bolt of lightning at you!
The bolt of electricity hits you!
* * * LOW HITPOINT WARNING * * *
The bolt of electricity hits your orc.
The electric eel shoots out a bolt of lightning at you!
The bolt of electricity hits you.
* * * LOW HITPOINT WARNING * * *
The bolt of electricity hits you!
You die...

......# # #.....##P~≈≈
P♣♣~~P ###.....##.P~≈
♣~~~~###
..#.....#..~P♣♣♣≈~PP..#
..#.....#...P~~≈≈~.?..+
..#.....#...PP~~z~~...#
.##.##..# #..~~SSPP...#
.##.##..###.#....P....##
....#.....#...o.@'z.....
....+.....'....c.#...z..
....#.....######## .....
....##....# ....
########### .## #


You could see 2 electric eels, a friendly centaur (summoned), 3 friendly wights
and a friendly orc (summoned).

Vanquished Creatures
  Sigmund (D:5)
  Edmund (D:5)
  An ogre (D:3)
  2 wyvern zombies (Ossuary)
  2 bullfrogs (Sewer)
  6 water moccasin zombies (Ossuary)
  2 scorpions (D:5)
  8 bullfrog zombies (Ossuary)
  5 centaur zombies (Ossuary)
  An orc priest (D:4)
  Jessica (D:2)
  3 iguanas
  3 killer bee zombies (Ossuary)
  11 mummies
  3 howler monkey zombies (Ossuary)
  13 adders
  3 river rats
  A shadow imp (D:5)
  A dart slug (D:3)
  8 orcs
  16 ball pythons
  8 endoplasms
  7 giant cockroaches
  2 goblins
  4 hobgoblins
  3 quokkas
  3 bats
  6 frilled lizards
  5 kobolds
  28 rats
158 creatures vanquished.

Vanquished Creatures (others)
  3 plants (D:6)
  4 withered plants (Ossuary)
7 creatures vanquished.

Grand Total: 165 creatures vanquished

Notes
Turn   | Place    | Note
-------+----------+-------------------------------------------
     0 | D:1      | raph the Minotaur Fighter began the quest for the Orb.
     0 | D:1      | Reached XP level 1. HP: 19/19 MP: 0/0
   218 | D:1      | Reached skill level 3 in Polearms
   435 | D:1      | Reached XP level 2. HP: 25/26 MP: 1/1
   806 | D:2      | Reached skill level 4 in Polearms
   821 | D:2      | Reached XP level 3. HP: 26/31 MP: 2/2
  1209 | D:2      | Noticed Jessica
  1221 | D:2      | Reached skill level 5 in Polearms
  1225 | D:2      | Killed Jessica
  1226 | D:2      | Reached XP level 4. HP: 18/39 MP: 3/3
  1637 | D:3      | Found a glowing drain.
  1645 | D:3      | Reached skill level 6 in Polearms
  1651 | Sewer    | Entered a sewer
  1940 | Sewer    | Reached XP level 5. HP: 34/45 MP: 4/4
  2537 | Sewer    | Reached skill level 7 in Polearms
  2651 | Sewer    | Reached XP level 6. HP: 29/51 MP: 5/5
  2660 | Sewer    | Reached skill level 8 in Polearms
  3528 | D:4      | Reached skill level 9 in Polearms
  3624 | D:4      | Reached XP level 7. HP: 20/57 MP: 6/6
  3806 | D:4      | Found a stormy altar of Qazlal.
  3840 | D:4      | Found a sand-covered staircase.
  3858 | Ossuary  | Entered an ossuary
  3902 | Ossuary  | Reached skill level 10 in Polearms
  4051 | Ossuary  | Reached skill level 11 in Polearms
  4095 | Ossuary  | Reached XP level 8. HP: 64/64 MP: 7/7
  4164 | Ossuary  | Reached skill level 12 in Polearms
  4477 | Ossuary  | Reached skill level 13 in Polearms
  4626 | D:4      | Found a blossoming altar of Fedhas.
  4911 | D:5      | Entered Level 5 of the Dungeon
  4946 | D:5      | Noticed Sigmund
  4954 | D:5      | Killed Sigmund
  4955 | D:5      | Noticed Edmund
  4963 | D:5      | Killed Edmund
  4989 | D:5      | Reached XP level 9. HP: 68/70 MP: 8/8
  5086 | D:5      | Found a hazy altar of Hepliaklqana.
  5090 | D:5      | Reached skill level 14 in Polearms
  5275 | D:5      | Reached skill level 1 in Dodging
  5362 | D:5      | Found Qinut's Weapon Shop.
  5544 | D:6      | HP: 1/71 [electric eel/bolt of electricity (6)]
  5546 | D:6      | Killed from afar by an electric eel

Illustrated notes

Levels and vault maps discovered:
D:1:      dpeg_arrival_orchard, layout_basic, minmay_pentomino_u4
D:2:      layout_rooms, minmay_misc_feat_room, uniq_jessica
D:3:      layout_loops_cross, portal_sewer_entry_a, minivault_11
D:4:      layout_rooms, grunt_temple_overflow_forces_of_nature,
          gup_ossuary_entry_pyramid, minmay_misc_feat_four_crosses
D:5:      layout_loops_cross, nicolae_hepliaklqana_hazy_memory, serial_shops,
          shop, skrybe_limestone_x, uniq_edmund, uniq_sigmund
D:6:      lemuel_insect_pit, layout_gridville, palyth_stone_intersect,
          serial_bayou_lagoon_a

Skill      XL: |  1  2  3  4  5  6  7  8  9 |
---------------+----------------------------+-----
Polearms       | 3 4 5 6 7 9 11 13 14 | 14.0
Dodging        | 1 |  1.0
Fighting       | |  3.9
Armour         | |  3.9
Shields        | |  3.6

Action                   |  1- 3 |  4- 6 |  7- 9 || total
-------------------------+-------+-------+-------++-------
Melee: Trident           |    81 |   166 |   264 ||   511
       Headbutt          |    11 |    16 |    58 ||    85
Throw: Dart              |       |     2 |       ||     2
  Use: Scroll            |       |    14 |     7 ||    21
       Potion            |       |     1 |     3 ||     4
Armor: Scale mail        |    21 |     3 |       ||    24
       Chain mail        |       |    99 |   117 ||   216
Dodge: Dodged            |    24 |    74 |    60 ||   158
Block: Buckler           |    16 |    38 |    28 ||    82
